 Dungeon Crawl Stone Soup version 0.27.1 (webtiles) character file.

Game seed: 7492505027758132169

279966 MajorAdolf the Scorcher (level 20, -6/141 HPs)
             Began as a Naga Wanderer on Aug 23, 2021.
             Was a High Priest of Vehumet.
             Mangled by a quicksilver dragon (15 damage)
             ... on level 4 of the Snake Pit.
             The game lasted 02:06:26 (81121 turns).

MajorAdolf the Scorcher (Naga Wanderer)            Turns: 81121, Time: 02:06:27

Health: -6/141     AC: 22    Str: 13    XL:     20   Next: 87%
Magic:  7/35       EV:  7    Int: 24    God:    Vehumet [*****.]
Gold:   2049       SH: 24    Dex: 11    Spells: 18/41 levels left

rFire    + + +     SeeInvis +   k - staff of fire
rCold    . . .     Faith    .   p - +1 tower shield
rNeg     . . .     Spirit   .   M - +2 robe {rC+}
rPois    +         Reflect  +   X - +0 helmet
rElec    +         Harm     .   L - +2 cloak "Cefa" {rPois rF+ Regen+}
rCorr    +         Rampage  .   G - +0 pair of gloves
Will     ++...                  u - +4 barding {rF+}
Stlth    +++.......             C - amulet of reflection
HPRegen  1.33/turn              d - ring of Creativity {rElec rCorr Int+3}
MPRegen  0.24/turn              E - ring of fire

@: studying 2 skills, very slow
A: AC +6, large, see invisible, deformed body, poison resistance, slowness 2,
spit poison 1, naga tail 2, weak 1
}: 1/15 runes: decaying
a: Spit Poison, Renounce Religion


You were on level 4 of the Snake Pit.
You worshipped Vehumet.
Vehumet was extremely pleased with you.
You visited 7 branches of the dungeon, and saw 35 of its levels.
You visited the Abyss 1 time.
You also visited: Bailey and Ice Cave.

You collected 4638 gold pieces.
You spent 2589 gold pieces at shops.

Inventory:

Hand Weapons
 z - a +5 dagger of electrocution
 H - a +2 quick blade of electrocution
Armour
 p - a +1 tower shield (worn)
 u - a +4 barding of fire resistance (worn)
 F - a +0 troll leather armour
 G - a +0 pair of gloves (worn)
 L - the +2 cloak "Cefa" (worn) {rPois rF+ Regen+}
   (You bought it in a shop on level 2 of the Snake Pit)

   rF:        It protects you from fire.
   rPois:     It protects you from poison.
   Regen:     It increases your rate of health regeneration.
 M - a +2 robe of cold resistance (worn)
 X - a +0 helmet (worn)
Magical Staves
 g - a staff of cold
 k - a staff of fire (weapon)
 l - a staff of poison
 T - a staff of earth
Jewellery
 d - the ring of Creativity (left hand) {rElec rCorr Int+3}
   (You found it in an ice cave)

   [ring of resist corrosion]

   Int:       It affects your intelligence (+3).
   rElec:     It insulates you from electricity.
   rCorr:     It protects you from acid and corrosion.
 m - a +4 ring of protection
 n - an amulet of the acrobat
 v - a ring of positive energy
 C - an amulet of reflection (around neck)
 D - a +4 ring of protection
 E - a ring of fire (right hand)
 P - a ring of protection from cold
 S - a ring of resist corrosion
Wands
 a - a wand of iceblast (13)
 e - a wand of digging (8)
 R - a wand of acid (12)
 U - a wand of paralysis (34)
Scrolls
 c - 2 scrolls of teleportation
 o - 4 scrolls of vulnerability
 q - 5 scrolls of holy word
 r - 5 scrolls of magic mapping
 t - 10 scrolls of fog
 y - 3 scrolls of blinking
 A - 7 scrolls of amnesia
 I - 2 scrolls of silence
 J - a scroll of torment
 Q - 4 scrolls of enchant weapon
 V - 9 scrolls of identify
 Y - 5 scrolls of fear
 Z - 2 scrolls of brand weapon
Potions
 b - 3 potions of haste
 f - 4 potions of cancellation
 h - 3 potions of ambrosia {unknown}
 i - 9 potions of curing
 j - 8 potions of brilliance
 s - a potion of mutation
 w - 3 potions of flight
 B - a potion of invisibility
 K - a potion of berserk rage
 N - a potion of resistance
 O - 3 potions of might
Miscellaneous
 W - a phantom mirror


   Skills:
 - Level 5.0 Stealth
 - Level 15.0 Shields
 - Level 11.0 Spellcasting
 + Level 14.3 Conjurations
 - Level 3.0 Summonings
 - Level 10.0 Transmutations
 + Level 16.7 Fire Magic
 - Level 1.0 Air Magic
 + Level 14.3 Earth Magic
 - Level 15.0 Poison Magic


You had 18 spell levels left.
You knew the following spells:

 Your Spells              Type           Power      Damage    Failure   Level
a - Bolt of Magma         Conj/Fire/Erth 57%        4d23      1%          5
b - Stone Arrow           Conj/Erth      100%       3d13      1%          3
c - Lehudib's Crystal Sp  Conj/Erth      35%        10d9      22%         8
d - Ignite Poison         Fire/Tmut/Pois 100%       N/A       1%          3
e - Olgreb's Toxic Radia  Pois           71%        N/A       1%          4

Your spell library contained the following spells:

 Spells                   Type           Power      Damage    Failure   Level
 Eringya's Noxious Bog    Tmut/Pois      32%        N/A       1%          6
 Sandblast                Erth           100%       2d20      0%          1
 Summon Small Mammal      Summ           100%       N/A       1%          1
 Static Discharge         Conj/Air       50%        N/A       1%          2
 Conjure Flame            Conj/Fire      100%       6-21      1%          3
 Inner Flame              Hex/Fire       88%        N/A       1%          3
 Spider Form              Tmut/Pois      32%        N/A       1%          3
 Animate Armour           Summ/Erth      100%       N/A       1%          4
 Fulminant Prism          Conj/Hex       23%        3d13      1%          4
 Iskenderun's Mystic Bla  Conj/Tloc      47%        2d10      1%          4
 Sticky Flame             Conj/Fire      100%       2d11      1%          4
 Fireball                 Conj/Fire      57%        3d22      1%          5
 Irradiate                Conj/Tmut      32%        3d24      1%          5
 Iskenderun's Battlesphe  Conj           70%        2d12      1%          5
 Lee's Rapid Deconstruct  Erth           35%        3d19*     1%          5
 Iron Shot                Conj/Erth      35%        9d7       1%          6
 Leda's Liquefaction      Hex/Erth       23%        N/A       2%          4
 Blade Hands              Tmut           28%        N/A       2%          5
 Orb of Destruction       Conj           35%        9d13      3%          7
 Call Canine Familiar     Summ           27%        N/A       4%          3
 Freezing Cloud           Conj/Ice/Air   18%        6-21      4%          5
 Yara's Violent Unravell  Hex/Tmut       18%        3d9       4%          5
 Statue Form              Tmut/Erth      42%        N/A       4%          6
 Ensorcelled Hibernation  Hex/Ice        26%        N/A       7%          2
 Summon Guardian Golem    Hex/Summ       20%        N/A       8%          3
 Conjure Ball Lightning   Conj/Air       25%        3x3d7     9%          6
 Ignition                 Fire           59%        3d16      9%          8
 Gell's Gravitas          Tloc           6%         N/A       14%         3
 Lesser Beckoning         Tloc           6%         N/A       14%         3
 Portal Projectile        Hex/Tloc       26%        N/A       14%         3
 Teleport Other           Tloc           13%        N/A       14%         3
 Tukima's Dance           Hex            13%        N/A       14%         3
 Summon Lightning Spire   Summ/Air       22%        N/A       21%         4
 Spellforged Servitor     Conj/Summ      26%        N/A       28%         7
 Cause Fear               Hex            6%         N/A       43%         4
 Dispel Undead            Necr           13%        3d9       43%         4
 Passage of Golubria      Tloc           N/A        N/A       43%         4
 Dragon Form              Tmut           28%        N/A       54%         7
 Silence                  Hex/Air        7%         N/A       71%         5
 Shadow Creatures         Summ           N/A        N/A       91%         6
 Shatter                  Erth           35%        3d28*     95%         9
 Storm Form               Tmut/Air       19%        N/A       99%         7
 Simulacrum               Ice/Necr       6%         N/A       100%        6
 Ozocubu's Refrigeration  Ice            6%         4d6       100%        7
 Discord                  Hex            6%         N/A       100%        8
 Maxwell's Capacitive Co  Air            9%         ∞         100%        8
 Polar Vortex             Ice            6%         N/A       100%        9


Dungeon Overview and Level Annotations

Branches:
Dungeon (15/15)            Temple (1/1) D:6            Lair (6/6) D:8
  Swamp (4/4) Lair:2        Snake (4/4) Lair:4        Slime (0/5) Lair:5
    Orc (2/2) D:12            Elf (3/3) Orc:2        Vaults (0/5) D:14
 Depths (0/5) D:15         Bailey (visited)           IceCv (visited)

Altars:
Ashenzari
Cheibriados
Dithmenos
Elyvilon
Fedhas
Gozag
Hepliaklqana
Kikubaaqudgha
Makhleb
Nemelex Xobeh
Okawaru
Qazlal
Ru
Sif Muna
Trog
Uskayaw
Vehumet
Wu Jian
Xom
Yredelemnul
Zin
The Shining One
Jiyva

Shops:
D:3 :   D:7 [   D:10 ?   D:14 *   Orc:1 :   Orc:2 [([*[   Elf:3 =   Snake:2 [
Snake:3 ==*[   Snake:4 [

Portals:
Trove: D:12 (give +2 storm dragon scales)

Annotations:
D:10 exclusion: orange crystal statue


Innate Abilities, Weirdness & Mutations

Your serpentine skin is tough. (AC +6)
You have supernaturally acute eyesight. (SInv)
Armour fits poorly on your strangely shaped body.
Your system is resistant to poisons. (rPois)
You cover ground very slowly.
You can spit poison.
You can use your snake-like lower body to constrict enemies.
You are weak. (Str -2)


Message History

As you read the scroll of teleportation, it crumbles to dust.
You feel strangely unstable.
You feel sick.
You block the quicksilver dragon's attack.
The quicksilver dragon claws you but does no damage.
You block the guardian serpent's attack.
The quicksilver dragon bites you.
* * * LOW HITPOINT WARNING * * *
You block the quicksilver dragon's attack.
The guardian serpent hits you.
* * * LOW HITPOINT WARNING * * *
The quicksilver dragon barely misses you.
The quicksilver dragon claws you but does no damage.
The guardian serpent hits you but does no damage.
Okay, then.
Casting: Bolt of Magma (safe; 1% risk of failure)
Confirm with . or Enter, or press ? or * to list all spells.
Aiming: Bolt of Magma (safe; 1% risk of failure)
Press: ? - help, Shift-Dir - straight line, f - guardian serpent
Aim: a guardian serpent (severely wounded, 64% to hit)
You feel a strong surge of power!
The bolt of magma hits the guardian serpent!!
You kill the guardian serpent!
Vehumet accepts your kill.
You feel your power returning.
You feel sick.
You are no longer poisoned.
You block the quicksilver dragon's attack. x2
You block the guardian serpent's attack.
The quicksilver dragon breathes dispelling energy at you.
The bolt of dispelling energy hits you!!
You feel strangely stable.
* * * LOW HITPOINT WARNING * * *
You block the quicksilver dragon's attack.
The quicksilver dragon claws you but does no damage.
The guardian serpent hits you but does no damage.
You feel better. The quicksilver dragon bites you.
* * * LOW HITPOINT WARNING * * *
The quicksilver dragon claws you!
* * * LOW HITPOINT WARNING * * *
The quicksilver dragon bites you!
You die...

#
#...#....#.....#....#...#
##
#..###..###...###..###.[#
.###..##..)# ##'## #...#
..#
..#...##...###...###...#
..#
.##..####.###.....###.##
..# ##....# ..# #..8..#
#.. .. #..........
##...## .... ...
....##'##. ##D## .##
...##...## ##.†@## #..
....^ #..D)S# ... ..'
#..8..# ##...## ##'## .).
8... ..). ...#.


You could see 2 quicksilver dragons and a guardian serpent.

Vanquished Creatures
  A bone dragon (Swamp:4)
  Jorgrun (Swamp:1)
  A tentacled monstrosity (Swamp:3)
  4 deep elf master archers (Elf:3)
  2 deep elf blademasters (Elf:3)
  2 tentacled starspawn (Abyss:2)
  Roxanne (Swamp:1)
  A thorn hunter (Swamp:1)
  Kirke (D:12)
  3 nagarajas (Snake:4)
  A fenstrider witch (Swamp:2)
  7 deep elf sorcerers (Elf:3)
  Louise (Swamp:4)
  A draconian shifter (Abyss:2)
  6 deep elf elementalists (Elf:3)
  A stone giant (D:15)
  6 deep elf demonologists (Elf:3)
  2 bunyips
  7 deep elf annihilators (Elf:3)
  A white draconian (IceCv)
  9 deep elf death magi (Elf:3)
  A minotaur (Lair:2)
  8 eleionomae
  An ettin (Orc:1)
  Harold (D:7)
  A shambling mangrove (Swamp:4)
  Fannar (Orc:1)
  Josephine (Lair:4)
  2 boulder beetles
  8 deep elf high priests (Elf:3)
  The ghost of Pamiuf the Slicer, a journeyman KoSu of Ru (Lair:2)
  14 naga warriors
  3 salamander tyrants
  10 hydras
  6 ghost crabs
  A rakshasa (D:15)
  2 catoblepae
  An ogre mage (D:15)
  2 centaur warriors
  10 alligators
  A death knight (D:12)
  7 two-headed ogres
  31 dancing weapons
  2 tengu warriors (D:15)
  4 anacondas
  Urug (Lair:4)
  4 death yaks
  4 orc high priests (Orc:2)
  Nergalle (Lair:4)
  A large abomination (Abyss:2)
  22 naga sharpshooters
  9 shock serpents
  14 deep elf knights
  A soul eater (Abyss:2)
  A fire crab (Lair:5)
  4 salamander mystics
  2 skeletal warriors (D:12)
  A deep troll (shapeshifter) (D:14)
  A death drake (Swamp:4)
  A spectral hydra (Swamp:4)
  7 goliath frogs
  A glowing orange brain (Abyss:2)
  8 spriggan druids
  3 swamp dragons
  6 naga ritualists
  5 deep elf archers
  6 bog bodies
  22 deep elf zephyrmancers
  2 phantasmal warriors (Swamp:4)
  A shining eye (shapeshifter) (D:15)
  4 orc knights
  5 ugly things
  A manticore (D:14)
  2 will-o-the-wisps
  29 deep elf pyromancers
  14 salamanders
  9 mana vipers
  An orc sorcerer (Orc:2)
  4 cyclopes
  A fire giant skeleton (Abyss:2)
  A torpor snail (Lair:5)
  12 guardian serpents
  34 black mambas
  4 apocalypse crabs (Swamp:1)
  10 elephants
  15 naga magi
  2 ice statues (IceCv)
  14 cane toads
  A gargoyle (D:10)
  A yaktaur (shapeshifter) (D:14)
  2 smoke demons (Abyss:2)
  An efreet (Abyss:2)
  13 komodo dragons
  8 rime drakes
  A freezing wraith (Abyss:2)
  A tengu conjurer (D:9)
  7 swamp worm zombies (Swamp:4)
  A guardian mummy (D:12)
  A kobold demonologist (Abyss:3)
  2 ice devils (Lair:4)
  7 polar bears
  3 hydra zombies (Swamp:4)
  A bloated husk (Swamp:1)
  9 trolls
  A raiju (Abyss:2)
  6 tyrant leeches
  2 alligator zombies (Swamp:4)
  14 hornets
  5 slime creatures
  4 dream sheep
  3 spectral swamp dragons
  2 air elementals
  2 vampires (D:12)
  5 water elementals
  A shadow (D:13)
  27 spriggans
  9 wraiths
  7 basilisks
  5 hogs (D:12)
  A wyvern (Lair:6)
  33 yaks
  5 fire elementals
  A chaos spawn (Abyss:2)
  8 vampire mosquitoes
  Menkaure (D:7)
  Edmund (D:6)
  An acid dragon (D:11)
  41 nagas
  6 wargs
  13 swamp worms
  2 small abominations (Abyss:2)
  17 water moccasins
  2 ice beasts
  3 swamp drakes
  6 black bears
  35 orc warriors
  A hornet zombie (D:7)
  A black bear (shapeshifter) (D:14)
  A necrophage (D:6)
  7 ogres
  4 swamp dragon zombies (Swamp:4)
  22 wolves
  3 boggarts (Lair:6)
  5 centaurs
  14 phantoms
  14 bullfrogs
  4 earth elementals
  A water moccasin zombie (D:6)
  3 gnoll sergeants
  6 scorpions
  2 troll zombies (D:12)
  8 killer bees
  5 lindwurm simulacra (IceCv)
  10 wights
  5 electric eels
  3 crimson imps (Abyss:2)
  6 centaur zombies
  A bullfrog zombie (D:5)
  3 lava snakes (D:10)
  10 komodo dragon simulacra (IceCv)
  A bullfrog skeleton (D:6)
  24 orc priests
  5 hounds
  3 centaur skeletons
  24 orc wizards
  5 hell rats (Lair:6)
  2 spectral swamp drakes
  A killer bee zombie (D:7)
  6 ogre zombies (D:12)
  A hound skeleton (D:5)
  13 gnolls
  An acid dragon simulacrum (IceCv)
  6 adders
  2 swamp drake zombies (Swamp:4)
  3 shadow imps
  2 white imps (Abyss:2)
  4 ufetubi
  5 steam dragon simulacra (IceCv)
  3 worms (D:2)
  2 dart slugs
  101 orcs
  3 endoplasms
  3 giant cockroaches (D:2)
  4 hobgoblins
  3 jackals (D:2)
  5 kobolds
  A quokka (D:4)
  7 ball pythons
  2 bats (D:1)
  2 frilled lizards
  6 goblins
  2 goblin skeletons (D:12)
  4 goblin zombies (D:12)
  6 hobgoblin zombies (D:12)
  2 orc skeletons (D:12)
  11 orc zombies (D:12)
  7 rats
1217 creatures vanquished.

Vanquished Creatures (others)
  A dancing weapon (Elf:1)
  A thrashing horror (Abyss:2)
  A deep elf knight (Elf:1)
  A salamander mystic (Snake:4)
  4 bloated husks
  2 flying skulls (Abyss:2)
  A crimson imp (Abyss:2)
  An orc priest (Orc:2)
  10 foxfires
  50 fungi
  107 plants
  6 starspawn tentacles (Abyss:2)
185 creatures vanquished.

Grand Total: 1402 creatures vanquished

Notes
Turn   | Place    | Note
-------+----------+-------------------------------------------
     0 | D:1      | MajorAdolf the Naga Wanderer began the quest for the Orb.
     0 | D:1      | MajorAdolf set off with the following items: a +2 dagger, a
                  | potion of haste, a scroll of teleportation, a +0 robe; and
                  | the following spell memorised: Sandblast; and the following
                  | spells available to memorise: Stone Arrow
     0 | D:1      | Reached XP level 1. HP: 15/15 MP: 5/5
   719 | D:1      | Reached skill level 1 in Conjurations
   719 | D:1      | Reached skill level 1 in Earth Magic
   719 | D:1      | Reached XP level 2. HP: 22/22 MP: 7/7
  2040 | D:2      | Reached XP level 3. HP: 23/28 MP: 8/8
  2191 | D:2      | Learned a level 3 spell: Stone Arrow
  2740 | D:2      | HP: 1/28 [poisoned by an adder]
  3605 | D:2      | Found a faded altar of an unknown god.
  3645 | D:3      | Reached XP level 4. HP: 36/36 MP: 6/10
  4661 | D:3      | Found Ovywemed's Book Shoppe.
  5496 | D:3      | Reached XP level 5. HP: 33/42 MP: 4/11
  6332 | D:4      | Found an iron altar of Okawaru.
  6392 | D:4      | Found an opulent altar of Gozag.
  7207 | D:5      | Entered Level 5 of the Dungeon
  7588 | D:5      | Reached XP level 6. HP: 44/49 MP: 0/12
  8516 | D:5      | Reached skill level 5 in Earth Magic
  8569 | D:5      | Found a hide-covered altar of Uskayaw.
  8583 | D:5      | Reached XP level 7. HP: 55/55 MP: 0/13
  8864 | D:5      | HP: 4/82 [orc (2)]
  9210 | D:5      | Reached skill level 5 in Conjurations
  9861 | D:6      | Reached XP level 8. HP: 57/62 MP: 4/14
 10526 | D:6      | Noticed Edmund
 10531 | D:6      | Killed Edmund
 11308 | D:6      | Reached XP level 9. HP: 68/68 MP: 5/15
 11967 | D:6      | Found a staircase to the Ecumenical Temple.
 11979 | Temple   | Entered the Ecumenical Temple
 13226 | D:7      | Noticed Harold
 13235 | D:7      | Noticed a troll
 13274 | D:7      | Killed Harold
 13675 | D:7      | Killed a troll
 13679 | D:7      | Reached XP level 10. HP: 71/75 MP: 1/16
 13680 | D:7      | Reached skill level 10 in Earth Magic
 13682 | D:7      | Noticed Menkaure
 13691 | D:7      | Killed Menkaure
 14058 | D:7      | Identified the +1 robe "Ceugaevei" {Harm rC+ MP+9 Int+3}
 14062 | D:7      | Found Weaceori's Armour Boutique.
 14293 | D:7      | Reached skill level 10 in Conjurations
 15685 | D:8      | Identified the amulet of Ucluewn {Faith rN+ Regen+}
 15996 | D:8      | Found a staircase to the Lair.
 16349 | D:8      | Found a radiant altar of Vehumet.
 16352 | D:8      | Found a white marble altar of Elyvilon.
 16462 | D:8      | Found a shadowy altar of Dithmenos.
 16496 | D:8      | Noticed a two-headed ogre
 16504 | D:8      | Killed a two-headed ogre
 16812 | D:9      | Reached skill level 5 in Shields
 17024 | D:9      | Reached XP level 11. HP: 71/81 MP: 6/17
 18121 | D:8      | Became a worshipper of Vehumet
 18736 | D:10     | Entered Level 10 of the Dungeon
 19061 | D:10     | Noticed an orange crystal statue
 19857 | D:10     | Found Widatu Yzuuc's Magic Scroll Boutique.
 20467 | Lair:1   | Entered Level 1 of the Lair of Beasts
 21256 | Lair:1   | Reached * piety under Vehumet
 21256 | Lair:1   | Offered knowledge of Freeze by Vehumet.
 21604 | Lair:1   | Reached XP level 12. HP: 88/88 MP: 18/18
 22188 | Lair:2   | Reached skill level 5 in Stealth
 22213 | Lair:2   | Reached skill level 10 in Shields
 23174 | Lair:2   | Found a staircase to the Swamp.
 23409 | Lair:2   | Noticed Pamiuf's ghost (journeyman KoSu)
 23413 | Lair:2   | Noticed a minotaur
 23432 | Lair:2   | Found a runed translucent gate.
 23432 | Lair:2   | Found a runed translucent gate.
 23433 | Lair:2   | Found a runed translucent gate.
 25044 | Lair:3   | Noticed a seven-headed hydra
 25058 | Lair:3   | Killed a seven-headed hydra
 25132 | Lair:3   | Reached ** piety under Vehumet
 25243 | Lair:3   | Offered knowledge of Poisonous Vapours by Vehumet.
 25275 | Lair:3   | Gained mutation: You can use your snake-like lower body to
                  | constrict enemies. [Naga growth]
 25275 | Lair:3   | Reached XP level 13. HP: 94/94 MP: 1/19
 25795 | Lair:4   | Noticed Urug
 25943 | Lair:4   | Found a frozen archway.
 25952 | IceCv    | Entered an ice cave
 27215 | IceCv    | Identified the ring of Creativity {rElec rCorr Int+3}
 27358 | IceCv    | Noticed a white draconian
 27436 | IceCv    | Killed a white draconian
 27711 | Lair:4   | Noticed Nergalle
 27852 | Lair:4   | Killed Nergalle
 28045 | Lair:4   | Killed Urug
 28150 | Lair:4   | Found a staircase to the Snake Pit.
 30020 | Lair:5   | Noticed Josephine
 30030 | Lair:4   | Killed Josephine
 30436 | Lair:5   | Offered knowledge of Dazzling Flash by Vehumet.
 30563 | Lair:5   | You fall into a shaft and drop 1 floor!
 30563 | Lair:6   | Entered Level 6 of the Lair of Beasts
 31127 | Lair:5   | Reached *** piety under Vehumet
 31686 | Lair:5   | Found a viscous altar of Jiyva.
 31687 | Lair:5   | Found a staircase to the Slime Pits.
 31758 | Lair:5   | Reached XP level 14. HP: 102/102 MP: 20/20
 31762 | Lair:5   | Reached skill level 15 in Shields
 32174 | Lair:6   | Reached skill level 5 in Spellcasting
 32629 | Lair:6   | Offered knowledge of Inner Flame by Vehumet.
 33536 | Lair:6   | Reached **** piety under Vehumet
 33737 | Lair:6   | Found the +3 salamander hide armour {Flames rF++ rC--}
 33972 | Lair:6   | Offered knowledge of Lightning Bolt by Vehumet.
 35398 | D:11     | You fall into a shaft and drop 2 floors!
 36418 | D:13     | Identified the +1 pair of gloves of Resonance {rPois MP-9
                  | Str+2 Stlth+}
 36808 | D:14     | Found a gate to the Vaults.
 36822 | D:14     | Noticed an entropy weaver
 36847 | D:14     | Found Xewutu's Assorted Antiques.
 36914 | D:14     | Found a flagged portal.
 36929 | Bailey   | Entered a bailey
 38364 | D:15     | Entered Level 15 of the Dungeon
 39105 | D:15     | Identified the +5 ring mail of the Demon Prince {Int+2}
 39356 | D:15     | Reached skill level 10 in Spellcasting
 39489 | D:14     | Reached XP level 15. HP: 64/108 MP: 5/29
 39769 | D:15     | Reached ***** piety under Vehumet
 40080 | D:15     | Offered knowledge of Iron Shot by Vehumet.
 40315 | D:15     | Learned a level 5 spell: Bolt of Magma
 40326 | D:15     | Gained mutation: You are clumsy. (Dex -2) [a shining eye]
 40327 | D:15     | Gained mutation: You sometimes lose the ability to read
                  | scrolls when taking damage. [a shining eye]
 40437 | D:15     | Reached skill level 1 in Fire Magic
 40695 | D:15     | Acquired a +2 barding of fire resistance
 40945 | D:15     | Found a staircase to the Depths.
 40952 | D:15     | Reached skill level 2 in Fire Magic
 41164 | D:15     | Learned a level 8 spell: Lehudib's Crystal Spear
 41208 | D:12     | Found a portal to a secret trove of treasure.
 42027 | D:12     | Found a staircase to the Orcish Mines.
 42895 | D:12     | Reached skill level 3 in Fire Magic
 43270 | D:12     | Noticed Kirke
 43375 | D:12     | Killed Kirke
 43589 | D:12     | Offered knowledge of Starburst by Vehumet.
 44547 | Orc:1    | Entered Level 1 of the Orcish Mines
 45331 | Orc:1    | Noticed Fannar
 45339 | Orc:1    | Killed Fannar
 45340 | Orc:1    | Reached skill level 4 in Fire Magic
 45546 | Orc:2    | Entered Level 2 of the Orcish Mines
 45546 | Orc:2    | Found a staircase to the Elven Halls.
 47063 | Orc:1    | Found Zaysub's Book Emporium.
 47071 | Orc:1    | Bought an Everburning Encyclopedia for 416 gold pieces
 47071 | Orc:1    | Bought the Unrestrained Analects for 704 gold pieces
 47075 | Orc:1    | Learned a level 3 spell: Ignite Poison
 47080 | Orc:1    | Learned a level 4 spell: Olgreb's Toxic Radiance
 47263 | Orc:2    | Found Aguerio's Antique Armour Emporium.
 47263 | Orc:2    | Found Usi Zat's General Store.
 47264 | Orc:2    | Found Vofoneogej's Weapon Shoppe.
 47268 | Orc:2    | Found Luahocs's Armour Shoppe.
 47272 | Orc:2    | Bought a scroll of acquirement for 624 gold pieces
 47272 | Orc:2    | Bought a scroll of enchant weapon for 90 gold pieces
 47272 | Orc:2    | Bought a scroll of teleportation for 36 gold pieces
 47272 | Orc:2    | Bought 3 scrolls of magic mapping for 126 gold pieces
 47276 | Orc:2    | Bought a scarf of repulsion for 168 gold pieces
 47372 | Orc:2    | Found Vuceen's Armour Boutique.
 47503 | Elf:1    | Entered Level 1 of the Elven Halls
 47512 | Elf:1    | Reached skill level 5 in Fire Magic
 47529 | Elf:1    | Reached skill level 1 in Poison Magic
 47538 | Elf:1    | Reached skill level 1 in Transmutations
 47673 | Orc:2    | Lost mutation: You are clumsy. (Dex -2) [potion of
                  | mutation]
 47673 | Orc:2    | Lost mutation: You sometimes lose the ability to read
                  | scrolls when taking damage. [potion of mutation]
 47673 | Orc:2    | Gained mutation: You are weak. (Str -2) [potion of
                  | mutation]
 48218 | Elf:1    | Reached XP level 16. HP: 39/115 MP: 3/31
 48563 | Elf:1    | Offered knowledge of Lee's Rapid Deconstruction by Vehumet.
 48881 | Elf:1    | Reached skill level 6 in Fire Magic
 49305 | Elf:1    | Reached skill level 5 in Poison Magic
 50368 | Elf:2    | Reached skill level 7 in Fire Magic
 50553 | Elf:2    | Reached skill level 5 in Transmutations
 50928 | Elf:2    | Found a runed translucent gate.
 50943 | Elf:2    | Found a runed translucent gate.
 50944 | Elf:2    | Found a runed translucent gate.
 51005 | Elf:2    | Identified the +8 long sword of Hacking and Slashing
                  | {protect, rF+ Str+2}
 51369 | Elf:2    | Paralysed by an air elemental for 1 turns
 52009 | Elf:2    | Reached skill level 8 in Fire Magic
 53036 | Elf:2    | Reached XP level 17. HP: 109/121 MP: 0/32
 53420 | Elf:2    | Reached skill level 9 in Fire Magic
 53768 | Elf:3    | Entered Level 3 of the Elven Halls
 54244 | Elf:3    | Acquired a staff of poison
 54260 | Elf:3    | Offered knowledge of Eringya's Noxious Bog by Vehumet.
 54475 | Elf:3    | Reached skill level 10 in Poison Magic
 55175 | Elf:3    | Identified the +9 falchion of the Hierophant {holy, Str+4}
 55190 | Elf:3    | Noticed a deep elf master archer
 55204 | Elf:3    | Killed a deep elf master archer
 55396 | Elf:3    | Reached skill level 10 in Fire Magic
 55737 | Elf:3    | Identified the ring of Uplo {rElec rPois}
 55740 | Elf:3    | Identified the ring "Siett" {Ice Str+5}
 55933 | Elf:3    | Found Xeax's Jewellery Shoppe.
 56580 | Elf:3    | Identified the +4 double sword of Figoe {drain, SInv}
 56593 | Elf:3    | Noticed a deep elf master archer
 56598 | Elf:3    | Killed a deep elf master archer
 56760 | Elf:3    | Cast into level 2 of the Abyss (a ghostly deep elf
                  | sorcerer)
 56984 | Abyss:2  | Noticed a tentacled starspawn
 57003 | Abyss:2  | Noticed a tentacled starspawn
 57012 | Abyss:2  | Killed a tentacled starspawn
 57013 | Abyss:2  | Reached XP level 18. HP: 101/128 MP: 6/33
 57020 | Abyss:2  | Reached skill level 11 in Fire Magic
 57129 | Abyss:2  | Noticed a lich
 57146 | Abyss:2  | Identified the +7 mace of the Glimmering Weasel {flame,
                  | Dex+3}
 57283 | Abyss:2  | Noticed a lich
 57349 | Abyss:2  | Found a corrupted altar of Lugonu.
 57378 | Abyss:2  | Reached skill level 10 in Transmutations
 57416 | Abyss:2  | Found a basalt altar of Yredelemnul.
 57522 | Elf:3    | Escaped the Abyss
 57528 | Elf:3    | Noticed a deep elf master archer
 57542 | Elf:3    | Killed a deep elf master archer
 57686 | Elf:3    | Noticed a deep elf master archer
 57691 | Elf:3    | Killed a deep elf master archer
 58306 | Elf:3    | Reached skill level 12 in Fire Magic
 58309 | Elf:3    | Noticed a deep elf blademaster
 58315 | Elf:3    | Killed a deep elf blademaster
 58396 | Elf:3    | Noticed a deep elf blademaster
 58407 | Elf:3    | Killed a deep elf blademaster
 59161 | Lair:2   | Killed Pamiuf's ghost
 59394 | Swamp:1  | Entered Level 1 of the Swamp
 60966 | Swamp:1  | Reached skill level 15 in Poison Magic
 61134 | Swamp:1  | Found a runed translucent door.
 61267 | Swamp:1  | Reached skill level 13 in Fire Magic
 61271 | Swamp:1  | Noticed Jorgrun
 61285 | Swamp:1  | Killed Jorgrun
 61285 | Swamp:1  | Offered knowledge of Lightning Bolt by Vehumet.
 61475 | Swamp:1  | Identified Roxanne's Compendium of the Rocks
 61475 | Swamp:1  | Noticed Roxanne
 61878 | Swamp:1  | Killed Roxanne
 63080 | Swamp:1  | Reached XP level 19. HP: 133/133 MP: 8/34
 63091 | Swamp:1  | Identified the +10 whip of Iliukhle {flame, rF+ Dex+3}
 63094 | Swamp:1  | Identified the +10 spear "Cuixzi" {vorpal, rElec rPois
                  | Int+3}
 63881 | Swamp:2  | Reached skill level 14 in Fire Magic
 65796 | Swamp:4  | Entered Level 4 of the Swamp
 66333 | Swamp:4  | Reached skill level 15 in Fire Magic
 66767 | Swamp:4  | Noticed a tentacled monstrosity
 66795 | Swamp:3  | Killed a tentacled monstrosity
 68158 | Swamp:4  | Noticed Louise
 68162 | Swamp:4  | Killed Louise
 68761 | Swamp:4  | HP: 6/131 [poisoned by a death drake (dark miasma)]
 71179 | Swamp:4  | Noticed a bone dragon
 71196 | Swamp:4  | Killed a bone dragon
 72209 | Swamp:4  | Got a decaying rune of Zot
 72558 | Snake:1  | Entered Level 1 of the Snake Pit
 73291 | Snake:1  | Found a sparkling altar of Nemelex Xobeh.
 73613 | Snake:1  | Offered knowledge of Starburst by Vehumet.
 74330 | Snake:1  | Reached XP level 20. HP: 141/141 MP: 28/35
 76249 | Snake:2  | Found Baisemid's Armour Shoppe.
 76255 | Snake:2  | Reached skill level 16 in Fire Magic
 76352 | Snake:2  | Bought the +2 cloak "Cefa" {rPois rF+ Regen+} for 425 gold
                  | pieces
 76718 | Snake:3  | Found Orchaut's Armour Boutique.
 77228 | Snake:3  | Found Etaschea's Jewellery Shoppe.
 77228 | Snake:3  | Found Baskaygg's Book Boutique.
 77229 | Snake:3  | Found Hiackag's Jewellery Shoppe.
 78047 | Snake:3  | Found Tailiuh's Neck Hole.
 78549 | Snake:4  | Entered Level 4 of the Snake Pit
 78691 | Snake:4  | Offered knowledge of Eringya's Noxious Bog by Vehumet.
 79301 | Snake:4  | Found Plog's Antique Armour Shop.
 81121 | Snake:4  | Mangled by a quicksilver dragon

Illustrated notes

Levels and vault maps discovered:
D:1:      tarquinn_simple_flora_water_a, layout_loops_cross
D:2:      layout_loops_ring, shapermc_ecumenical_altar_pompeii
D:3:      layout_rooms, serial_shops, shop
D:4:      layout_cave_pods, mainiacjoe_overflow_catwalk_spiral
D:5:      layout_gridville, nicolae_uskayaw_suspiria
D:6:      layout_loops_ring, minmay_temple_entry_tees, uniq_edmund
D:7:      layout_loops_ring, serial_shops, shop_statue, grunt_ministairs_11,
          kennysheep_cross_room, uniq_menkaure, uniq_harold
D:8:      layout_loops_corners, grunt_temple_overflow_diamond, erik_lair_island
D:9:      layout_roguey [special_room_orc], minmay_radiant
D:10:     layout_loops_cross, serial_shops, nicolae_shop_statue_plus,
          disabler_island
D:11:     layout_gridville
D:12:     nrook_guardian_serpent_snake_passage, layout_irregular_city,
          zombieorc2_lemuel, nicolae_trove_entry_path_of_doom, uniq_kirke
D:13:     layout_long_grid
D:14:     layout_gridville, david_vaults_2, enter_bailey_2, serial_shops,
          nicolae_shop_overgrown_old_shop
D:15:     grunt_enter_depths_snipers, layout_loops_ring,
          chequers_serial_rivers_micro_a
Temple:   kb_temple_of_zot
Lair:1:   layout_chaotic_city
Lair:2:   layout_regular_city, swamp_mist, maelrawn_ghost_gauntlet_escape
Lair:3:   layout_loops_ring, beast_lair_carwin_8, grunt_megastairs_5
Lair:4:   layout_cave_pods, guppyfry_snake_entry_island,
          portal_ice_cave_demonic_guard, uniq_urug, uniq_nergalle
Lair:5:   layout_small_grid, slime_altar_1, serial_bayou_shore_a, uniq_josephine
Lair:6:   minmay_lair_end_enchanted_forest, layout_regular_city, serial_bayou,
          serial_bayou_lake_a, serial_bayou_ford_a, serial_bayou_shore_b,
          serial_bayou_shore_b
Swamp:1:  gammafunk_mikee_crab_dinner, layout_falls_marsh,
          evilmike_swamp_ruin_house_2, swamp_pool1, infiniplex_staircase_pool,
          uniq_jorgrun, uniq_roxanne
Swamp:2:  layout_basic_swamp, serial_swamp_ruin, evilmike_swamp_ruin_rubble_1,
          evilmike_swamp_ruin_house_5, evilmike_swamp_ruin_wall,
          cheibrodos_swamp_witchery
Swamp:3:  nicolae_swamp_ascending_descending, layout_basic_swamp,
          evilmike_swamp_ruin_house_3, swamp_pool4
Swamp:4:  swamp_pestilence, layout_basic_swamp, uniq_louise
Snake:1:  layout_grid_maze, basic_altar
Snake:2:  layout_gridlike, serial_shops, shop
Snake:3:  nicolae_snake_hallway, layout_basic, serial_shops, shop,
          nicolae_shop_sticking_my_neck_out, lemuel_fruit_tree,
          minmay_shop_grove
Snake:4:  hellmonk_snake_rune_quicksilver_temple, layout_onion_interference,
          special_room, serial_shops, shop, nrook_guardian_serpent_ordinary
Orc:1:    layout_diamond_mine, serial_shops, shop, uniq_fannar
Orc:2:    st_orc_mages, layout_caves, serial_shops, shop
Elf:1:    layout_geoelf_grid, hangedman_elven_crosses_minicolossus
Elf:2:    nicolae_elf_blades_splatter_lattice [mumra_blade_entry_bloodbath],
          layout_gridlike
Elf:3:    nooodl_elf_gasket, layout_loops_cross, serial_shops, shop

Skill      XL: |  1  2  3  4  5  6  7  8  9 10 11 12 13 14 15 16 17 18 19 20 |
---------------+-------------------------------------------------------------+-----
Conjurations   | 1 2 3 4 5 7 9 10 12 13 14 | 14.3
Earth Magic    | 1 2 3 4 5 6 7 9 10 11 12 13 14 | 14.3
Shields        | 5 9 12 14 15 | 15.0
Stealth        | 4 5 |  5.0
Spellcasting   | 10 11 | 11.0
Fire Magic     | 5 8 10 13 15 16 | 16.7
Poison Magic   | 2 9 12 15 | 15.0
Transmutations | 2 7 9 10 | 10.0
Summonings     | |  3.0
Air Magic      | |  1.0

Action                   |  1- 3 |  4- 6 |  7- 9 | 10-12 | 13-15 | 16-18 | 19-21 || total
-------------------------+-------+-------+-------+-------+-------+-------+-------++-------
Melee: Dagger            |    61 |     7 |    36 |   532 |   217 |       |       ||   853
       Constrict         |       |       |       |       |    51 |    11 |    20 ||    82
       Staff             |       |       |       |       |    53 |    62 |   161 ||   276
 Cast: Sandblast         |     2 |       |       |       |       |       |       ||     2
       Stone Arrow       |     4 |    52 |    87 |   209 |   819 |   217 |     1 ||  1389
       Bolt of Magma     |       |       |       |       |    29 |   115 |   483 ||   627
       Olgreb's Toxic Ra |       |       |       |       |     6 |   167 |    46 ||   219
       Ignite Poison     |       |       |       |       |     4 |   230 |    64 ||   298
 Abil: Spit Poison       |    38 |     8 |     6 |    17 |     2 |     2 |       ||    73
Evoke: Wand              |       |       |     3 |     2 |    12 |    18 |       ||    35
       Phantom mirror    |       |       |       |       |       |     1 |     1 ||     2
  Use: Potion            |     1 |       |     1 |       |     6 |     3 |     2 ||    13
       Scroll            |       |    11 |     5 |     6 |    18 |     8 |     6 ||    54
 Stab: Sleeping          |       |       |       |     1 |       |       |       ||     1
       Distracted        |       |       |       |       |       |       |     1 ||     1
Armor: Robe              |    15 |    10 |    52 |    13 |     2 |    80 |   189 ||   361
       Troll leather arm |       |       |       |   252 |   226 |    63 |       ||   541
Dodge: Dodged            |    35 |    16 |    44 |   143 |   171 |    60 |    81 ||   550
       Repelled          |       |       |       |       |     1 |     5 |     9 ||    15
Block: Tower shield      |       |       |       |   504 |   718 |   284 |   559 ||  2065
       Reflection        |       |       |       |       |       |     2 |   119 ||   121
